 Dungeon Crawl Stone Soup version 0.30.1-11-g7821555f0a (webtiles) character file.

Game seed: 12795215318587416535

7124 Enots the Carver (level 10, 0/90 HPs)
             Began as a Minotaur Berserker on Nov 27, 2023.
             Was an Elder of Trog.
             Slain by a two-headed ogre
             ... wielding a +0 giant club
              (9 damage)
             ... on level 9 of the Dungeon.
             The game lasted 00:52:03 (7174 turns).

Enots the Carver (Minotaur Berserker)               Turns: 7174, Time: 00:52:04

Health: 0/90       AC: 20    Str: 25    XL:     10   Next: 85%
Magic:  9/9        EV:  6    Int: 10    God:    Trog [****..]
Gold:   564        SH: 20    Dex: 11    Spells: 9/9 levels left

rFire   . . .        r - +11 Singing Sword {sonic wave}
rCold   . . .        l - +0 tower shield
rNeg    . . .        p - +0 plate armour
rPois   .            (helmet restricted)
rElec   .            j - +1 cloak
rCorr   .            (no gloves)
SInv    .            o - +2 pair of boots
Will    .....        g - amulet of reflection
Stlth   x              - +6 ring of intelligence
HPRegen 0.35/turn    (no ring)
MPRegen 0.11/turn

%: reflection
@: no status effects
A: horns 2, retaliatory headbutt
a: Renounce Religion, Berserk, Trog's Hand, Brothers in Arms


You were on level 9 of the Dungeon.
You worshipped Trog.
Trog was greatly pleased with you.
You visited 1 branch of the dungeon, and saw 9 of its levels.

You collected 564 gold pieces.

Inventory:

Hand Weapons
 a - a +0 hand axe
 r - the +11 Singing Sword (weapon) {sonic wave}
   (You found it on level 4 of the Dungeon)
Missiles
 D - a throwing net (quivered)
Armour
 j - a +1 cloak (worn)
 k - a +3 ring mail
 l - a +0 tower shield (worn)
 o - a +2 pair of boots (worn)
 p - a +0 plate armour (worn)
Jewellery
 g - an amulet of reflection (around neck)
 x - a +6 ring of intelligence (left hand)
Wands
 m - a wand of mindburst (20)
 q - a wand of flame (40)
 E - a wand of roots (12)
Scrolls
 c - 3 scrolls of immolation
 e - 4 scrolls of teleportation
 h - a scroll of magic mapping {unknown}
 i - 3 scrolls of vulnerability
 n - 2 scrolls of blinking
 u - 2 scrolls of torment {unknown}
 y - a scroll of amnesia {unknown}
 z - 3 scrolls of brand weapon
 A - 2 scrolls of poison {unknown}
Potions
 b - a potion of heal wounds {unknown}
 d - 6 potions of attraction
 f - 2 potions of brilliance {unknown}
 s - 3 potions of lignification
 t - a potion of haste {unknown}
 v - 3 potions of curing
 w - 2 potions of ambrosia {unknown}
 C - a potion of degeneration {unknown}


   Skills:
 * Level 8.5 Fighting
 + Level 11.1 Long Blades
 - Level 6.2 Axes
 * Level 9.4 Armour
 - Level 3.4 Dodging
 + Level 0.7 Stealth
 * Level 9.9 Shields
 - Level 0.1 Evocations


You had 9 spell levels left.
You didn't know any spells.
Your spell library was empty.

Dungeon Overview and Level Annotations

Branches:
Dungeon (9/15)             Temple (0/1) D:5
   Lair: D:8-11         Orc: D:9-12

Altars:
Gozag
Hepliaklqana
Ru
Sif Muna
Trog
Uskayaw
Vehumet
Xom
Zin

Shops:
D:9 (


Innate Abilities, Weirdness & Mutations

You have a pair of horns on your head.
You reflexively headbutt those who attack you in melee.


Message History

A bullfrog comes into view.
Your Long Blades skill increases to level 11!
You see here a boulder beetle corpse.
Things that are here:
a +0 giant club; a +0 giant club A two-headed ogre comes into view.
It is wielding a +0 giant club and a +0 giant spiked club.
The two-headed ogre shouts in stereo!
You block the bullfrog's attack. The bullfrog attacks as you move away!
You block the bullfrog's attack.
The two-headed ogre attacks as you move away!
The two-headed ogre hits you with a +0 giant club!
You block the two-headed ogre's attack.
You slice the bullfrog!!
You kill the bullfrog!
Trog accepts your kill.
You slash the two-headed ogre!
The Screaming Sword shouts, "I love you all!
And my gift to you is ARMAGEDDON!"
You send a blast of sound all around you.
The two-headed ogre is moderately wounded. x2
You hear a shout! x2; You hear a loud, deep croak!
You hear a shout! x3
You hear an angry hiss.
You hear a shout!
You hear an angry growl.
You hear an angry hiss.
You block the two-headed ogre's attack. x2
You slash the two-headed ogre!
The two-headed ogre is heavily wounded.
You block the two-headed ogre's attack. x2
You slash the two-headed ogre!
Your headbutt misses the two-headed ogre.
The two-headed ogre is severely wounded.
You slash the two-headed ogre!
The two-headed ogre is almost dead.
The two-headed ogre hits you with a +0 giant club!!
* * * LOW HITPOINT WARNING * * *
The two-headed ogre hits you but does no damage.
You barely miss the two-headed ogre.
The two-headed ogre is almost dead.
The two-headed ogre hits you with a +0 giant club.
* * * LOW HITPOINT WARNING * * *
The two-headed ogre hits you with a +0 giant spiked club!
You die...

#..# #+ +###..# . ..##..# .
......###'######'############+###
..##..#......#...#.....)†.....!..
..##..#.#....#...'....#..........
......#.#....#...#....#..........
......#........###...)...........
..##..#.........@O.........######
..##..#..........########....
..##..'..########.......#.....
..##..#..#......)######.#.....
..##..#..#.######.....#
..#####..# #.....####.#
..#....#.# #.####...#.#
..#....#.# #...##.#.# ..#....#.#
#.##.#.#.


You could see a two-headed ogre.

Vanquished Creatures
  A two-headed ogre (D:9)
  A boulder beetle (D:9)
  Pikel (D:7)
  A wizard (D:9)
  Maggie (D:7)
  A troll (D:8)
  A shadow (D:7)
  9 yaks
  A steam dragon (D:8)
  Menkaure (D:7)
  4 water moccasins
  An orc warrior (D:9)
  2 ice beasts (D:7)
  An ogre (D:5)
  2 centaurs
  A kobold brigand (D:8)
  2 bullfrogs
  7 scorpions (D:4)
  A water moccasin zombie (D:4)
  12 wights
  A vampire bat (D:4)
  2 hounds (D:7)
  3 sleepcaps
  A jelly (D:5)
  Ijyb (D:3)
  Jessica (D:2)
  2 iguanas
  A scorpion zombie (D:4)
  2 hound zombies (D:4)
  Robin (D:2)
  11 adders
  6 gnolls
  2 white imps
  2 adder zombies (D:4)
  2 dart slugs
  2 worms
  22 orcs
  8 ball pythons
  21 bats
  4 endoplasms
  3 giant cockroaches
  18 goblins
  5 hobgoblins
  6 jackals
  13 kobolds
  7 quokkas
  6 frilled lizards
  4 rats
208 creatures vanquished.

Notes
Turn   | Place    | Note
-------+----------+-------------------------------------------
     0 | D:1      | Enots the Minotaur Berserker began the quest for the Orb.
     0 | D:1      | Reached XP level 1. HP: 19/19 MP: 0/0
    36 | D:1      | Reached XP level 2. HP: 26/27 MP: 1/1
   347 | D:1      | Reached XP level 3. HP: 33/33 MP: 2/2
   372 | D:1      | Reached ** piety under Trog
  1053 | D:2      | Noticed Jessica
  1071 | D:2      | Killed Jessica
  1072 | D:2      | Reached XP level 4. HP: 28/41 MP: 3/3
  1087 | D:2      | Reached skill level 5 in Axes
  1334 | D:2      | Noticed Robin
  1472 | D:3      | Found an opulent altar of Gozag.
  1486 | D:3      | Noticed Ijyb
  1509 | D:3      | Killed Ijyb
  1510 | D:3      | Reached skill level 1 in Shields
  1510 | D:3      | Reached XP level 5. HP: 37/47 MP: 4/4
  2207 | D:2      | Killed Robin
  2208 | D:2      | Reached *** piety under Trog
  2546 | D:4      | Reached XP level 6. HP: 35/53 MP: 5/5
  2759 | D:4      | Reached XP level 7. HP: 51/60 MP: 6/6
  3021 | D:4      | Reached skill level 5 in Fighting
  3038 | D:4      | Reached skill level 5 in Armour
  3080 | D:4      | Found the +11 Singing Sword {sonic wave}
  3114 | D:4      | Reached skill level 1 in Long Blades
  3223 | D:4      | Reached skill level 2 in Long Blades
  3223 | D:4      | Reached skill level 5 in Shields
  3248 | D:4      | Reached **** piety under Trog
  3363 | D:4      | Reached skill level 3 in Long Blades
  3386 | D:5      | Entered Level 5 of the Dungeon
  3582 | D:5      | Reached skill level 4 in Long Blades
  3582 | D:5      | Reached XP level 8. HP: 60/68 MP: 7/7
  3815 | D:5      | Reached skill level 5 in Long Blades
  4045 | D:5      | Found a staircase to the Ecumenical Temple.
  4550 | D:6      | Reached skill level 6 in Long Blades
  4775 | D:6      | Reached skill level 7 in Long Blades
  4784 | D:6      | Found a bloodstained altar of Trog.
  5168 | D:6      | Reached XP level 9. HP: 75/75 MP: 8/8
  5486 | D:7      | Noticed Pikel
  5491 | D:7      | Killed Pikel
  5492 | D:7      | Reached skill level 8 in Long Blades
  5635 | D:7      | Found a hide-covered altar of Uskayaw.
  5692 | D:7      | Noticed Maggie
  5706 | D:7      | Killed Maggie
  5707 | D:7      | Reached skill level 9 in Long Blades
  5775 | D:7      | Noticed Menkaure
  5784 | D:7      | Killed Menkaure
  6387 | D:8      | Noticed a troll
  6393 | D:8      | Killed a troll
  6447 | D:8      | Reached XP level 10. HP: 86/86 MP: 9/9
  6832 | D:8      | Found a shimmering blue altar of Sif Muna.
  6832 | D:8      | Found a glowing silver altar of Zin.
  6832 | D:8      | Found a radiant altar of Vehumet.
  6832 | D:8      | Found a sacrificial altar of Ru.
  6842 | D:8      | Found a shimmering altar of Xom.
  6842 | D:8      | Found a hazy altar of Hepliaklqana.
  7065 | D:9      | Found Nolus's Antique Weapon Emporium.
  7098 | D:9      | Noticed a wizard
  7102 | D:9      | Killed a wizard
  7103 | D:9      | Reached skill level 10 in Long Blades
  7132 | D:9      | Noticed a two-headed ogre
  7133 | D:9      | Noticed a boulder beetle
  7138 | D:9      | Killed a two-headed ogre
  7159 | D:9      | Killed a boulder beetle
  7160 | D:9      | Reached skill level 11 in Long Blades
  7163 | D:9      | Noticed a two-headed ogre
  7174 | D:9      | Slain by a two-headed ogre

Illustrated notes

Levels and vault maps discovered:
D:1:      dpeg_arrival_more_subterranean_lakeside_camping, layout_basic,
          minmay_unequal
D:2:      layout_basic, serial_glass, glass_columns_a, glass_columns_b,
          minmay_strange_pillars, item_on_display_a, due_unseen_surprise,
          feat_on_display, kennysheep_generic_room_8, uniq_jessica, uniq_robin
D:3:      layout_basic, nicolae_gozag_cash_rules_everything_around_me, uniq_ijyb
D:4:      old_forge, layout_basic, serial_undead, serial_undead_a,
          serial_undead_f, serial_undead_d, serial_undead_f, roderic_batcave,
          chequers_serial_rivers_room_b
D:5:      layout_layer_cave, minmay_temple_entry_water_ring,
          kennysheep_small_spiral, grunt_ministairs_11
D:6:      layout_rooms, bloody_trog, serial_co_window_serial,
          co_window_of_opportunity_a, co_window_of_opportunity_a,
          co_window_paths_a, co_window_corner_a, co_window_paths_b,
          co_window_corner_ca, co_window_paths_c, co_window_paths_c,
          co_window_broadway_c, co_window_broadway_b, co_window_unsneaky_path_b,
          co_window_paths_d, co_window_4corner_a, glass_columns_a,
          glass_columns_c
D:7:      layout_rooms, mainiacjoe_overflow_surrounded_room, serial_aquarium,
          aquarium_bridge_long_joined [aquarium_subvault_window,
          aquarium_subvault_wall, aquarium_subvault_wall,
          aquarium_subvault_bridge, aquarium_subvault_bridge,
          aquarium_subvault_balcony], aquarium_window_1, aquarium_window_1,
          aquarium_window_corridor_3, aquarium_view_2e, aquarium_view_2e,
          aquarium_balcony_5b, uniq_pikel, uniq_menkaure, uniq_maggie
D:8:      layout_loops_ring, minmay_overflow_temple_hex
D:9:      minmay_distorted_concentric_squares, layout_stronghold,
          grunt_lair_entry_orc_guard_hut, serial_shops,
          nicolae_shop_hallway_stairs, kennysheep_cluttered_room

Skill      XL: |  1  2  3  4  5  6  7  8  9 10 |
---------------+-------------------------------+-----
Axes           | 4 5 6 |  6.2
Fighting       | 4 5 6 7 8 |  8.5
Armour         | 3 4 5 6 8 9 |  9.4
Dodging        | 3 |  3.4
Shields        | 1 2 4 5 6 8 9 |  9.9
Long Blades    | 4 7 9 11 | 11.1
Stealth        | |  0.7
Evocations     | |  0.1

Action                     |  1- 3 |  4- 6 |  7- 9 | 10-12 || total
---------------------------+-------+-------+-------+-------++-------
  Melee: Hand axe          |    98 |   139 |    19 |       ||   256
         Headbutt          |     7 |    26 |    22 |    10 ||    65
         Double sword      |       |       |   138 |    59 ||   197
 Invoke: Berserk           |       |     2 |       |       ||     2
  Evoke: Wand              |       |       |     4 |       ||     4
    Use: Scroll            |       |       |     6 |     4 ||    10
   Stab: Sleeping          |     1 |       |       |       ||     1
 Armour: Animal skin       |     9 |       |       |       ||     9
         Leather armour    |     7 |    15 |       |       ||    22
         Ring mail         |       |     8 |       |       ||     8
         Plate armour      |       |    34 |    61 |    17 ||   112
  Dodge: Dodged            |    68 |    35 |    24 |     4 ||   131
  Block: Other             |     8 |       |       |       ||     8
         Tower shield      |     7 |   159 |   159 |    49 ||   374
         Reflection        |     2 |     2 |     1 |     6 ||    11
